 Dungeon Crawl Stone Soup version 0.26.0-16-gc1dbca0489 (webtiles) character file.

Game seed: 3407960746059691283

35801 FreshCat the Severer (level 13, 0/118 HPs)
             Began as a Hill Orc Monk on Jan 18, 2021.
             Was the Champion of Beogh.
             Slain by a six-headed hydra (2 damage)
             ... on level 6 of the Lair of Beasts.
             The game lasted 01:24:06 (19660 turns).

FreshCat the Severer (Hill Orc Monk)               Turns: 19660, Time: 01:24:08

Health: 0/118      AC: 22    Str: 20    XL:     13   Next: 86%
Magic:  15/15      EV: 15    Int: 13    God:    Beogh [******]
Gold:   774        SH:  6    Dex: 14    Spells: 12/12 levels left

rFire    . . .     SeeInvis .   B - +7 broad axe of Ferph {vorpal, rPois}
rCold    + + +     Faith    .   J - +1 buckler {rC+ rF+}
rNeg     + . .     Spirit   .   M - +6 acid dragon scales
rPois    +         Reflect  .   k - +1 helmet
rElec    .         Harm     .   g - +2 cloak
rCorr    +         Rampage  .   h - +0 pair of gloves
Will     .....                  o - +1 pair of boots
Stlth    +++.......             p - amulet "Kac Rugienn" {Acrobat rC+ rN+ Str+2 Int-3}
HPRegen  0.29/turn              U - ring of ice
MPRegen  0.14/turn              z - +6 ring of intelligence

@: no status effects
A: walk on water
a: Renounce Religion, Smiting, Recall Orcish Followers, Give Item to Named
Follower, Resurrection


You were on level 6 of the Lair of Beasts.
You worshipped Beogh.
Beogh was exalted by your worship.
You visited 2 branches of the dungeon, and saw 18 of its levels.

You collected 1097 gold pieces.
You spent 323 gold pieces at shops.

Inventory:

Hand Weapons
 u - a +2 war axe of flaming
 y - a +1 long sword of electrocution
 B - the +7 broad axe of Ferph (weapon) {vorpal, rPois}
   (You found it on level 7 of the Dungeon)

   It inflicts extra damage upon your enemies.
   It protects you from poison.
 H - a +2 war axe of flaming
Missiles
 m - 58 poisoned darts
 t - 15 boomerangs (quivered)
Armour
 g - a +2 cloak (worn)
 h - a +0 pair of gloves (worn)
 k - a +1 helmet (worn)
 o - a +1 pair of boots (worn)
 q - a +2 ring mail of fire resistance
 A - a +1 ring mail of fire resistance
 I - the +5 ring mail of the Forest {rF+ rN+ Str+3}
   (You found it on level 10 of the Dungeon)

   It affects your strength (+3).
   It protects you from fire.
   It protects you from negative energy.
 J - a +1 buckler of resistance (worn)
 M - +6 acid dragon scales (worn)
 O - a +2 hat
 P - a +1 buckler of reflection
Magical Staves
 C - an uncursed staff of air {unknown}
Jewellery
 p - the amulet "Kac Rugienn" (around neck) {Acrobat rC+ rN+ Str+2 Int-3}
   (You bought it in a shop on level 4 of the Dungeon)

   [amulet of the acrobat]

   It helps you evade while moving and waiting.
   It affects your strength (+2).
   It affects your intelligence (-3).
   It protects you from cold.
   It protects you from negative energy.
 s - an uncursed ring of flight
 z - a +6 ring of intelligence (right hand)
 U - a ring of ice (left hand)
Wands
 a - a wand of paralysis (6)
 E - a wand of polymorph (7)
 G - a wand of flame (37)
 L - a wand of disintegration (14)
 N - a wand of random effects (72)
 T - a wand of iceblast (7)
 Z - a wand of acid (11)
Scrolls
 b - 2 scrolls of enchant weapon
 f - 18 scrolls of remove curse
 i - 9 scrolls of amnesia
 n - 9 scrolls of teleportation
 x - a scroll of fear
 W - a scroll of holy word
 X - 2 scrolls of magic mapping
 Y - a scroll of summoning
Potions
 c - a potion of invisibility
 d - 2 potions of curing
 e - 4 potions of brilliance
 j - a potion of attraction
 l - 3 potions of resistance
 r - a potion of haste
 v - 2 potions of heal wounds
 w - 3 potions of flight
 D - a potion of berserk rage
 F - 3 potions of might
 K - a potion of mutation
 Q - 3 potions of magic
Miscellaneous
 S - a phantom mirror


   Skills:
 + Level 12.3 Fighting
 + Level 19.2 Axes
 + Level 4.3 Throwing
 + Level 6.0 Armour
 + Level 7.0 Dodging
 + Level 7.2 Stealth
 - Level 4.0 Shields
 + Level 3.2 Invocations
 + Level 1.6 Evocations


You had 12 spell levels left.
You didn't know any spells.
Your spell library contained the following spells:

 Spells                   Type           Power        Failure   Level
 Animate Skeleton         Necr           0%           36%         1
 Apportation              Tloc           0%           36%         1
 Beastly Appendage        Tmut           0%           36%         1
 Corona                   Hex            0%           36%         1
 Freeze                   Ice            0%           36%         1
 Summon Small Mammal      Summ           0%           36%         1
 Blink                    Tloc           N/A          52%         2
 Wereblood                Tmut           0%           52%         2
 Frozen Ramparts          Ice            0%           75%         3
 Gell's Gravitas          Tloc           0%           75%         3
 Lesser Beckoning         Tloc           0%           75%         3
 Ozocubu's Armour         Ice            0%           75%         3
 Spider Form              Tmut/Pois      0%           75%         3
 Teleport Other           Tloc           0%           75%         3
 Hailstorm                Conj/Ice       0%           98%         4
 Ice Form                 Ice/Tmut       0%           98%         4
 Leda's Liquefaction      Hex/Erth       0%           98%         4
 Passage of Golubria      Tloc           N/A          98%         4
 Summon Ice Beast         Ice/Summ       0%           98%         4
 Blade Hands              Tmut           0%           100%        5
 Bolt of Magma            Conj/Fire/Erth 0%           100%        5
 Iron Shot                Conj/Erth      0%           100%        6
 Statue Form              Tmut/Erth      0%           100%        6
 Shatter                  Erth           0%           100%        9


Dungeon Overview and Level Annotations

Branches:
Dungeon (12/15)            Temple (0/1) D:7            Lair (5/6) D:11
  Swamp (0/4) Lair:3       Spider (0/4) Lair:3        Slime (0/5) Lair:5
    Orc (0/2) D:9

Altars:
Ashenzari
Cheibriados
Fedhas
Gozag
Kikubaaqudgha
Trog
Uskayaw
Wu Jian
Yredelemnul
The Shining One
Beogh
Jiyva

Shops:
D:4 (*   D:6 ([**?   D:10 [

Portals:
Bazaar: D:11

Annotations:
D:6 exclusion: electric eel
Lair:1 exclusion: oklob plant
Lair:3 1 runed translucent door, Luuwnalu's ghost, journeyman KoHu


Message History

The yak looks frightened! x2
The six-headed hydra resists with some effort.
The cane toad looks frightened!
The rime drake looks frightened!
The polar bear looks frightened!
The vampire mosquito bites you!
* * * LOW HITPOINT WARNING * * *
The vampire mosquito draws strength from your injuries!
The blink frog blinks! x3
The vampire mosquito bites you but does no damage.
The blink frog blinks!
A tyrant leech comes into view.
The ice encasing you melts away.
There is a stone staircase leading up, spattered with blood here.
The vampire mosquito bites you but does no damage.
The six-headed hydra bites you!
* * * LOW HITPOINT WARNING * * *
The six-headed hydra bites you but does no damage.
The six-headed hydra bites you!
* * * LOW HITPOINT WARNING * * *
The six-headed hydra misses you. The six-headed hydra bites you.
You die...

............Y.F....F.....,,,,,,*
..........S.Y......F........,,,*
............................,,,*
...........F.F..............,,,*
.........Y..................,,**
.......................F....,,,*
..........Y....Y............,,,**
,,,,,..........DYy..........,,*,,
**,,,,^....≈w≈.)@!..........,,,**
,,≈,,≈,,.≈≈.≈≈.†≈...).......,,**
≈,≈,,,≈≈≈≈≈≈.≈..)†....k.....,,,*
≈≈≈≈≈≈≈≈≈#≈≈Y≈≈.)...F...h...,,**
≈≈≈≈≈≈≈≈≈###≈≈≈≈≈.....#.....,,,*
≈≈≈≈≈≈≈≈**#≈≈≈≈≈≈≈....#...h.,,**
≈≈≈≈≈≈***#≈≈≈≈≈≈≈≈≈≈..#,....,,**
≈≈≈≈≈≈≈≈≈#≈≈≈≈≈≈≈..####*....,,,*
≈≈≈≈≈≈≈,≈≈≈≈≈≈≈.####*,,*,,,,,,**


You could see a six-headed hydra, 5 elephants, a tyrant leech, a yak (fleeing),
5 cane toads, a rime drake (fleeing), a water moccasin and a vampire mosquito.

Vanquished Creatures
  Fannar (D:11)
  A catoblepas (Lair:2)
  3 hydras (Lair:3)
  A boulder beetle (D:11)
  A two-headed ogre (D:9)
  A death yak (Lair:4)
  An unseen horror (D:11)
  A bog body (Lair:3)
  2 ugly things
  11 elephants
  Maurice (D:8)
  6 black mambas
  Maggie (D:8)
  A gargoyle (D:10)
  15 cane toads
  4 komodo dragons
  A rime drake (Lair:3)
  A troll (D:11)
  4 polar bears
  6 blink frogs
  A shadow (D:12)
  15 yaks
  2 wyverns
  2 basilisks
  Grum (D:10)
  A steam dragon (D:7)
  4 vampire mosquitoes
  Menkaure (D:4)
  6 water moccasins
  8 orc warriors
  An ice beast (D:9)
  2 phantoms (D:8)
  4 sky beasts
  2 black bears
  A necrophage (D:8)
  9 wolves
  3 ogres
  A centaur (D:9)
  17 bullfrogs
  3 gnoll sergeants (D:7)
  5 scorpions
  7 killer bees
  11 wights
  3 howler monkeys
  3 bullfrog skeletons
  7 hounds
  An orc priest (D:12)
  A jelly (D:4)
  3 gnoll shamans
  3 orc wizards
  2 centaur skeletons
  4 iguanas
  Jessica (D:3)
  Terence (D:3)
  10 worker ants
  Natasha (D:2)
  6 hell rats (Lair:4)
  2 hound zombies
  A hound skeleton (D:5)
  A howler monkey zombie (D:8)
  20 gnolls
  8 adders
  2 shadow imps
  4 white imps
  2 ufetubi
  5 worms
  2 dart slugs (D:1)
  3 leopard geckos
  9 orcs
  A ball python (D:2)
  5 giant cockroaches
  7 hobgoblins
  9 jackals
  6 quokkas
  14 bats
  2 frilled lizards
  4 goblins
  9 kobolds
  4 rats
336 creatures vanquished.

Vanquished Creatures (collateral kills)
  A hydra (D:10)
  A two-headed ogre (D:11)
  2 death yaks (Lair:3)
  2 cyclopes
  A cane toad (Lair:1)
  2 polar bears (Lair:1)
  2 yaks
  A basilisk (Lair:2)
  A vampire mosquito (D:10)
  A water moccasin (Lair:2)
  An ice beast (D:10)
  2 orc warriors (D:9)
  A wolf (D:10)
  A bullfrog (D:8)
  A killer bee (D:6)
  A wight (D:12)
  2 howler monkeys (D:8)
  A bullfrog zombie (D:9)
  A centaur zombie (D:9)
  2 orc priests
  3 hounds
  A centaur skeleton (D:11)
  An iguana (D:10)
  A howler monkey zombie (D:9)
  2 gnolls (D:7)
  An adder (D:5)
  2 ufetubi (D:8)
  An adder zombie (D:9)
  13 orcs
  3 jackals
  2 quokkas
57 creatures vanquished.

Vanquished Creatures (others)
  3 orc warriors
  5 orc priests
  6 orc wizards
  Natasha (twice) (D:2)
  46 orcs
  A kobold (D:2)
  A bush (Lair:6)
  15 fungi
  89 plants
168 creatures vanquished.

Grand Total: 561 creatures vanquished

Notes
Turn   | Place    | Note
-------+----------+-------------------------------------------
     0 | D:1      | FreshCat the Hill Orc Monk began the quest for the Orb.
     0 | D:1      | Reached XP level 1. HP: 19/19 MP: 1/1
    60 | D:1      | Reached XP level 2. HP: 22/27 MP: 2/2
   793 | D:1      | Reached XP level 3. HP: 29/33 MP: 3/3
  1225 | D:2      | Noticed Natasha
  1238 | D:2      | Killed Natasha
  1466 | D:2      | Reached XP level 4. HP: 31/40 MP: 4/4
  1619 | D:2      | Reached skill level 1 in Throwing
  1638 | D:2      | Reached skill level 5 in Axes
  1723 | D:2      | Became a worshipper of Beogh the Brigand
  1723 | D:2      | Reached * piety under Beogh
  1723 | D:2      | Reached ** piety under Beogh
  2024 | D:2      | Killed Natasha
  2117 | D:2      | Killed Natasha
  2535 | D:3      | Noticed Jessica
  2538 | D:3      | Killed Jessica
  2539 | D:3      | Reached XP level 5. HP: 41/47 MP: 5/5
  2595 | D:3      | Found a glowing golden altar of the Shining One.
  2816 | D:3      | Noticed Terence
  2826 | D:3      | Killed Terence
  3130 | D:4      | Found Kycikonu's Weapon Shop.
  3250 | D:4      | Noticed a phantom
  3389 | D:5      | Entered Level 5 of the Dungeon
  3401 | D:4      | Found Futzoec's Assorted Antiques.
  3416 | D:4      | Reached skill level 6 in Axes
  3470 | D:4      | Reached XP level 6. HP: 52/53 MP: 6/6
  3482 | D:4      | Noticed Menkaure
  3515 | D:4      | Killed Menkaure
  3516 | D:4      | Reached skill level 7 in Axes
  3791 | D:4      | Bought a smoking silver amulet for 100 gold pieces
  4266 | D:4      | Reached XP level 7. HP: 49/60 MP: 7/7
  4273 | D:4      | Reached skill level 5 in Fighting
  4345 | D:4      | Identified the amulet "Kac Rugienn" {Acrobat rC+ rN+ Str+2
                  | Int-3} (You bought it in a shop on level 4 of the Dungeon)
  4559 | D:5      | Reached skill level 1 in Invocations
  4636 | D:6      | Found Anosiece's Weapon Shoppe.
  5096 | D:5      | Found an ornate altar of the Wu Jian Council.
  5331 | D:5      | Reached *** piety under Beogh
  5447 | D:5      | Reached skill level 8 in Axes
  5707 | D:5      | Reached XP level 8. HP: 66/69 MP: 8/8
  6147 | D:5      | Reached skill level 9 in Axes
  6720 | D:5      | Found a bloodstained altar of Trog.
  7240 | D:6      | Found Pomiff's Assorted Antiques.
  7414 | D:6      | Found Afiudou's Antique Armour Shop.
  7424 | D:6      | Found a snail-covered altar of Cheibriados.
  7486 | D:7      | Reached skill level 10 in Axes
  7506 | D:7      | Got a fine broad axe
  7575 | D:4      | Bought a scroll of identify for 40 gold pieces
  7575 | D:4      | Identified the +7 broad axe of Ferph {vorpal, rPois} (You
                  | found it on level 7 of the Dungeon)
  7768 | D:7      | Reached XP level 9. HP: 78/78 MP: 9/9
  8039 | D:6      | Found Hixaoga's Magic Scroll Shoppe.
  8137 | D:6      | Reached skill level 11 in Axes
  8260 | D:6      | Found Ruocosau's Assorted Antiques.
  8400 | D:6      | Reached **** piety under Beogh
  8641 | D:7      | Reached skill level 1 in Armour
  9282 | D:7      | Found a staircase to the Ecumenical Temple.
  9380 | D:8      | Reached skill level 12 in Axes
  9408 | D:8      | Reached skill level 5 in Dodging
  9505 | D:8      | Found an opulent altar of Gozag.
  9553 | D:8      | Reached XP level 10. HP: 88/88 MP: 10/10
  9577 | D:8      | Reached ***** piety under Beogh
  9673 | D:8      | Noticed Maggie
  9680 | D:8      | Killed Maggie
  9832 | D:8      | Found a blossoming altar of Fedhas.
 10043 | D:8      | Noticed Maurice
 10057 | D:8      | Killed Maurice
 10255 | D:9      | Reached skill level 13 in Axes
 10295 | D:9      | Gained Boruk as an ally
 10385 | D:9      | Found an ancient bone altar of Kikubaaqudgha.
 10412 | D:9      | Found a basalt altar of Yredelemnul.
 10412 | D:9      | Found a broken altar of Ashenzari.
 10521 | D:10     | Entered Level 10 of the Dungeon
 10760 | D:9      | Found a staircase to the Orcish Mines.
 10761 | D:9      | Found a roughly hewn altar of Beogh.
 10799 | D:9      | Noticed a two-headed ogre
 10804 | D:9      | Killed a two-headed ogre
 10805 | D:9      | Reached skill level 14 in Axes
 10805 | D:9      | Reached skill level 5 in Stealth
 10993 | D:10     | Found a hide-covered altar of Uskayaw.
 11136 | D:10     | Found Nirong's Antique Armour Shoppe.
 11159 | D:10     | Noticed a seven-headed hydra
 11277 | D:4      | Bought a +2 war axe of flaming for 183 gold pieces
 11470 | D:11     | Found a staircase to the Lair.
 11470 | D:11     | Noticed a purple ugly thing
 11542 | D:10     | Reached XP level 11. HP: 95/95 MP: 12/12
 11651 | D:10     | Got a smoking ring mail
 11725 | D:10     | Noticed Grum
 11727 | D:10     | Noticed a cyclops
 11736 | D:10     | Killed Grum
 11740 | D:10     | Killed a cyclops
 11967 | D:10     | Killed a five-headed hydra
 11968 | D:10     | Reached skill level 15 in Axes
 11968 | D:10     | Reached skill level 1 in Shields
 12077 | D:10     | Found a roughly hewn altar of Beogh.
 12390 | D:11     | Killed a purple ugly thing
 12475 | D:12     | Noticed a green ugly thing
 12486 | D:12     | Killed a green ugly thing
 12800 | D:11     | Noticed Fannar
 12815 | D:11     | Killed Fannar
 13043 | D:11     | Found a gateway to a bazaar.
 13140 | D:11     | Killed an unseen horror
 13162 | D:11     | Noticed a cyclops
 13165 | D:11     | Noticed a boulder beetle
 13170 | D:11     | Killed a cyclops
 13176 | D:11     | Killed a boulder beetle
 13176 | D:11     | Reached ****** piety under Beogh
 13177 | D:11     | Reached skill level 10 in Fighting
 13326 | D:11     | Noticed a two-headed ogre
 13331 | D:11     | Killed a two-headed ogre
 13332 | D:11     | Reached skill level 16 in Axes
 13610 | Lair:1   | Entered Level 1 of the Lair of Beasts
 13709 | Lair:1   | Gained Herok as an ally
 13719 | Lair:2   | Noticed a catoblepas
 13854 | Lair:1   | Reached XP level 12. HP: 106/106 MP: 12/14
 13877 | Lair:1   | Identified the +5 ring mail of the Forest {rF+ rN+ Str+3}
                  | (You found it on level 10 of the Dungeon)
 15254 | Lair:2   | Gained Hawl as an ally
 15764 | Lair:2   | Killed a catoblepas
 15765 | Lair:2   | Reached skill level 1 in Evocations
 16353 | Lair:3   | Reached skill level 17 in Axes
 16751 | Lair:3   | Found a hole to the Spider Nest.
 16831 | Lair:3   | Reached skill level 5 in Armour
 16831 | Lair:3   | Noticed a five-headed hydra
 16851 | Lair:3   | Killed a one-headed hydra
 16860 | Lair:3   | Noticed a five-headed hydra
 16873 | Lair:3   | Killed a one-headed hydra
 17390 | Lair:3   | Found a staircase to the Swamp.
 17404 | Lair:3   | Reached XP level 13. HP: 116/116 MP: 15/15
 17578 | Lair:2   | Reached skill level 18 in Axes
 17875 | Lair:3   | Found a runed translucent door.
 17879 | Lair:3   | Noticed Luuwnalu's ghost (journeyman KoHu)
 18245 | Lair:5   | Found a viscous altar of Jiyva.
 18245 | Lair:5   | Found a staircase to the Slime Pits.
 19496 | Lair:5   | Reached skill level 19 in Axes
 19574 | Lair:5   | You fall into a shaft and drop 1 floor!
 19574 | Lair:6   | Entered Level 6 of the Lair of Beasts
 19660 | Lair:6   | HP: 2/118 [six-headed hydra (13)]
 19660 | Lair:6   | Slain by a six-headed hydra

Illustrated notes

Levels and vault maps discovered:
D:1:      dpeg_arrival_rhombi, layout_loops_ring
D:2:      layout_basic, serial_park_tiny_2, uniq_natasha
D:3:      layout_rooms, nicolae_tso_swordbearing_angel, uniq_terence,
          uniq_jessica
D:4:      layout_loops_ring, serial_shops, shop, shop, uniq_menkaure
D:5:      layout_basic, nzn_wu_jian_council_hall, kennysheep_mini
D:6:      wad_lake_hut, layout_loops_cross, lemuel_round_altar, serial_shops,
          nicolae_shop_trees, shop, shop, shop, kennysheep_little_box,
          minmay_pentangle
D:7:      layout_cave_pools, temple_hall, serial_gnoll_camp,
          gnoll_camp_mini_basic, gnoll_camp_mini_loothouse, gnoll_camp_mini_hut,
          gnoll_camp_mini_sergeant, gnoll_camp_medium_01
D:8:      layout_basic, marbit_many_paths, basic_altar, uniq_maurice,
          uniq_maggie
D:9:      layout_irregular_city, grunt_temple_overflow_open, david_orc_5
D:10:     layout_small_grid, basic_altar, special_room [special_room_orc],
          serial_shops, nicolae_shop_trees, uniq_grum
D:11:     layout_irregular_city, lair_entry_dummy, serial_shops,
          bzr_in_the_mist, minmay_variable_closet, uniq_fannar
D:12:     layout_rooms, nicolae_sextant
Lair:1:   layout_small_grid, st_stairs_11, cheibrodos_lair_lostbears,
          minmay_lair_oklob_chamber
Lair:2:   layout_gridlike
Lair:3:   layout_cave_shapes, skrybe_swamp_entry_bodies,
          spider_nest_entry_web_field, ebering_ghost_reflecting_pool,
          st_stairs_11, serial_bayou_pond_d
Lair:4:   layout_regular_city, grunt_megastairs_4
Lair:5:   layout_cave_shapes, slime_altar_1, chequers_serial_rivers_marsh
Lair:6:   minmay_lair_end_frog_pond, layout_regular_city,
          bobbens_dragon_lair_wall

Skill      XL: |  1  2  3  4  5  6  7  8  9 10 11 12 13 |
---------------+----------------------------------------+-----
Fighting       | 4 5 6 7 8 10 11 12 | 12.3
Dodging        | 3 4 5 6 7 |  7.0
Throwing       | 1 2 3 4 |  4.3
Axes           | 5 6 7 8 10 12 14 16 17 19 | 19.2
Stealth        | 2 3 4 5 6 7 |  7.2
Invocations    | 1 2 3 |  3.2
Armour         | 2 3 4 5 6 |  6.0
Shields        | 2 4 |  4.0
Evocations     | 1 |  1.6

Action                   |  1- 3 |  4- 6 |  7- 9 | 10-12 | 13-15 || total
-------------------------+-------+-------+-------+-------+-------++-------
Melee: Hand axe          |   105 |   165 |    30 |       |       ||   300
       Broad axe         |       |       |   278 |   334 |   173 ||   785
       War axe           |       |       |       |    18 |     6 ||    24
Throw: Stone             |    36 |    20 |       |       |       ||    56
       Dart              |       |     9 |     7 |       |       ||    16
       Boomerang         |       |       |    16 |    14 |    18 ||    48
Invok: Convert to Beogh  |       |     1 |       |       |       ||     1
       Smiting           |       |     3 |       |       |       ||     3
       Recall Orcish Fol |       |       |     3 |    10 |     2 ||    15
       Give Item to Name |       |       |       |     3 |       ||     3
 Abil: Evoke Flight      |       |       |     1 |       |       ||     1
Evoke: Wand              |       |       |       |     6 |       ||     6
  Use: Scroll            |     2 |     7 |     8 |    22 |     6 ||    45
       Potion            |       |       |     3 |     1 |       ||     4
 Stab: Sleeping          |     1 |     5 |     9 |    16 |     1 ||    32
       Distracted        |       |       |     1 |     2 |       ||     3
       Confused          |       |       |     3 |       |       ||     3
Armor: Robe              |    25 |    46 |    53 |       |       ||   124
       Leather armour    |       |       |    28 |     1 |       ||    29
       Acid dragon scale |       |       |       |   113 |    99 ||   212
Dodge: Dodged            |    67 |   114 |   239 |   241 |   151 ||   812
Block: Buckler           |       |       |     4 |    61 |    62 ||   127
